 Dungeon Crawl Stone Soup version 0.30.1-4-g462c640d31 (webtiles) character file.

Game seed: 14543404253494662007

588 Zeor the Conjurer (level 7, -4/28 HPs)
             Began as a Felid Conjurer on Aug 17, 2023.
             Was an Initiate of Vehumet.
             Slain by Eustachio
             ... wielding a +0 rapier
              (10 damage)
             ... on level 6 of the Dungeon.
             The game lasted 00:16:12 (6556 turns).

Zeor the Conjurer (Felid Conjurer)                  Turns: 6556, Time: 00:16:12

Health: -4/28      AC:  2    Str:  3    XL:     7   Next: 15%
Magic:  3/15       EV: 18    Int: 27    God:    Vehumet [......]
Gold:   187        SH:  0    Dex: 15    Spells: 3/16 levels left
                                        Lives:  0   Deaths: 2

rFire   . .          .
                       - Unarmed
rCold   . . .        (shield unavailable)
rNeg    . . .        (body armour unavailable)
rPois   .            (helmet unavailable)
rElec   .            (cloak unavailable)
rCorr   .            (gloves unavailable)
SInv    +            (boots unavailable)
Will    +....        (no amulet)
Stlth   +++          a - +6 ring of intelligence
HPRegen 0.24/turn    l - ring of wizardry
MPRegen 0.14/turn

%: wizardry (x1)
@: quick
A: very small, claws 1, fangs 3, see invisible, speed 1, shaggy fur 2, stealthy
paws, no weapons or thrown items, no armour, multi-lived
a: Renounce Religion


You were on level 6 of the Dungeon.
You worshipped Vehumet.
Vehumet was noncommittal.
You visited 2 branches of the dungeon, and saw 7 of its levels.

You collected 327 gold pieces.
You spent 140 gold pieces at shops.

Inventory:

Jewellery
 a - a +6 ring of intelligence (left paw)
 l - a ring of wizardry (right paw)
 o - a ring of resist corrosion
Scrolls
 e - 3 scrolls of amnesia
 f - 3 scrolls of teleportation
 g - a scroll of fear
 j - 2 scrolls of blinking
Potions
 b - 2 potions of might
 c - 4 potions of curing
 d - 2 potions of mutation
 h - 2 potions of haste
 i - a potion of ambrosia
 k - 4 potions of heal wounds
 m - a potion of brilliance
 n - a potion of berserk rage


   Skills:
 + Level 0.8 Fighting
 + Level 4.4 Dodging
 + Level 4.6 Stealth
 + Level 1.3 Unarmed Combat
 + Level 5.2 Spellcasting
 * Level 6.3 Conjurations
 + Level 1.1 Hexes
 + Level 0.2 Translocations


You had 3 spell levels left.
You knew the following spells:

 Your Spells              Type           Power      Damage    Failure   Level
b - Volatile Blastmotes   Fire/Tloc      14%        2d11      9%          3
d - Magic Dart            Conj           100%       1d8       1%          1
f - Dazzling Flash        Conj/Hex       54%        N/A       1%          3
r - Searing Ray           Conj           82%        2d7       1%          2
w - Flame Wave            Conj/Fire      24%        2d8       8%          4

Your spell library contained the following spells:

 Spells                   Type           Power      Damage    Failure   Level
 Slow                     Hex            52%        N/A       1%          1
 Beastly Appendage        Tmut           14%        N/A       2%          1
 Wereblood                Tmut           7%         N/A       4%          2
 Confusing Touch          Hex            13%        N/A       5%          3
 Inner Flame              Hex/Fire       10%        N/A       7%          3
 Spider Form              Tmut/Pois      7%         N/A       9%          3
 Vampiric Draining        Necr           7%         2d6       9%          3
 Fulminant Prism          Conj/Hex       13%        3d9       6%          4
 Iskenderun's Mystic Bla  Conj/Tloc      24%        2d7       8%          4
 Sticky Flame             Conj/Fire      24%        2d5       8%          4
 Lee's Rapid Deconstruct  Erth           3%         3d5*      58%         5


Dungeon Overview and Level Annotations

Branches:
Dungeon (6/15)             Temple (1/1) D:4

Altars:
Ashenzari
Cheibriados
Dithmenos
Elyvilon
Hepliaklqana
Kikubaaqudgha
Makhleb
Nemelex Xobeh
Okawaru
Qazlal
Ru
Sif Muna
Trog
Uskayaw
Vehumet
Xom
Yredelemnul
Zin

Shops:
D:6 !

Annotations:
D:6 Eustachio


Innate Abilities, Weirdness & Mutations

You have sharp claws.
You have razor-sharp teeth.
You have supernaturally acute eyesight. (SInv)
You cover ground quickly. (Speed+)
You are covered in thick fur. (AC +2)
Your paws help you pounce on unaware monsters.
You are incapable of wielding weapons or throwing items.
You cannot wear armour.
You gain extra lives every three experience levels.


Message History

Confirm with . or Enter, or press ? or * to list all spells.
The spell is quite dangerous to miscast (8% risk of failure)!
Continue anyway?
Casting: Flame Wave (quite dangerous; 8% risk of failure)
Press: ? - help, Dir - look around, f - activate A wave of flame ripples out!
The flame wave engulfs the rat!
You kill the rat!
The rat's corpse disappears in a puff of smoke!
The flame wave engulfs Eustachio but does no damage.
Eustachio is severely wounded.
The flame wave engulfs the bat!
You kill the bat!
The bat's corpse disappears in a puff of smoke! (Press . to intensify the flame waves.)
The bat closely misses you.
Eustachio zaps a wand.
The puff of flame hits you!
Ouch! That really hurt!
* * * LOW HITPOINT WARNING * * *
The bat misses you.
A wave of flame ripples out!
The flame wave engulfs Eustachio.
Eustachio is severely wounded.
The flame wave engulfs the bat!
You kill the bat!
The bat's corpse disappears in a puff of smoke!
Eustachio closely misses you.
A wave of flame ripples out!
The flame wave engulfs Eustachio!
Eustachio is almost dead.
You finish channelling waves of flame.
Eustachio drinks a potion.
Eustachio is healed!
Casting: Flame Wave (quite dangerous; 8% risk of failure)
Confirm with . or Enter, or press ? or * to list all spells.
Aiming: Searing Ray (safe; 1% risk of failure)
Press: ? - help, Shift-Dir - straight line, f - Eustachio
Aim: Eustachio, wielding a +0 rapier, wearing the +2 robe of the Mantidfly {Harm rN+} and carrying a wand of flame (12) (moderately wounded, 75% to hit)
The searing ray hits Eustachio!
Eustachio is severely wounded. (Press . to maintain the ray.) Eustachio barely misses you.
The searing ray hits Eustachio but does no damage.
Eustachio is severely wounded.
Eustachio hits you with a +0 rapier!
You die...

∙∙▒ ▒∙∙∙∙∙∙∙∙∙∙∙∙ ∙∙ ∙∙▒
▒∙∙∙∙∙∙∙▒∙∙∙∙ ∙∙
∙∙▒▒▒▒▒∙∙∙∙∙∙∙▒∙∙▒▒ ∙▒ ▒
▒
▒▒∙∙∙∙∙∙∙∙∙∙∙∙▒▒▒▒▒∙∙▒∙∙
∙∙
∙▒∙∙∙∙∙▒▒▒▒▒▒∙∙∙∙∙▒∙∙'∙
∙∙∙ ∙▒∙∙∙∙∙▒ ▒∙∙∙∙∙'∙∙▒
∙∙∙ ∙▒∙∙∙∙∙▒ ▒∙∙∙∙∙▒∙∙▒
∙∙∙ ∙▒∙∙∙∙∙▒ ▒∙∙∙∙∙▒
▒▒▒∙∙∙∙▒ ▒∙∙@h∙▒ ∙
▒∙∙∙∙▒ ▒∙∙∙∙∙▒ ∙∙∙
▒∙∙∙∙▒ ▒∙∙∙∙∙▒ ∙∙∙∙▒
▒▒▒∙∙∙∙▒ ▒∙∙∙∙∙▒


∙∙∙∙∙ ▒∙∙∙▒∙∙▒ ▒∙∙∙∙∙∙ ∙∙∙▒ ▒▒∙∙∙∙∙▒ ▒∙∙∙∙∙∙∙ ▒ ▒∙∙∙∙▒▒ ▒∙∙∙∙∙∙∙ ▒ ▒∙∙∙∙∙▒
▒∙∙∙∙∙∙∙∙ ▒ ▒∙∙∙∙∙▒ ▒ You could see Eustachio.

Vanquished Creatures
  A black bear (D:4)
  3 phantoms
  2 scorpions
  2 wights (D:6)
  3 orc priests
  An iguana (D:6)
  5 orc wizards
  3 gnolls (D:3)
  4 adders
  2 white imps
  An ufetubus (D:5)
  A worm (D:4)
  3 dart slugs
  11 orcs
  2 endoplasms (D:4)
  4 giant cockroaches
  2 goblins
  7 hobgoblins
  3 jackals
  7 kobolds
  6 quokkas
  7 ball pythons
  3 bats
  A frilled lizard (D:2)
  8 rats
92 creatures vanquished.

Notes
Turn   | Place    | Note
-------+----------+-------------------------------------------
     0 | D:1      | Zeor the Felid Conjurer began the quest for the Orb.
     0 | D:1      | Reached XP level 1. HP: 7/7 MP: 4/4
   334 | D:1      | Reached XP level 2. HP: 11/11 MP: 1/6
   417 | D:1      | Learned a level 2 spell: Searing Ray
   448 | D:1      | Identified a scroll of acquirement
   448 | D:1      | Acquired a book of Blasting
  1103 | D:2      | Reached skill level 4 in Conjurations
  1208 | D:2      | Reached XP level 3. HP: 14/14 MP: 3/7
  1677 | D:2      | Found a faded altar of an unknown god.
  1856 | D:3      | Learned a level 3 spell: Dazzling Flash
  1947 | D:3      | Reached XP level 4. HP: 18/18 MP: 0/9
  2060 | D:3      | Succumbed to a kobold's poison
  2061 | D:3      | Reached XP level 3. HP: 0/14 MP: 5/8
  2644 | D:3      | Noticed a scorpion
  2834 | D:4      | Reached XP level 4. HP: 18/18 MP: 6/9
  2927 | D:2      | Killed a scorpion
  3220 | D:4      | Reached XP level 5. HP: 21/21 MP: 2/12
  3226 | D:4      | Learned a level 3 spell: Volatile Blastmotes
  3354 | D:4      | Noticed a black bear
  3569 | D:4      | Noticed a black bear
  3577 | D:4      | Killed a black bear
  3578 | D:4      | Reached skill level 5 in Conjurations
  3681 | D:4      | Found a staircase to the Ecumenical Temple.
  3691 | Temple   | Entered the Ecumenical Temple
  3869 | Temple   | Became a worshipper of Vehumet
  4156 | D:4      | Gained mutation: You are covered in thick fur. (AC +2)
                  | [Felid growth]
  4156 | D:4      | Reached XP level 6. HP: 25/25 MP: 10/13
  4193 | D:4      | Found a snail-covered altar of Cheibriados.
  4624 | D:5      | Entered Level 5 of the Dungeon
  4798 | D:5      | Learned a level 4 spell: Flame Wave
  5311 | D:5      | Reached skill level 1 in Hexes
  5311 | D:5      | Reached XP level 7. HP: 28/28 MP: 11/15
  5446 | D:5      | Found a sparkling altar of Nemelex Xobeh.
  5446 | D:5      | Found a shadowy altar of Dithmenos.
  5722 | D:6      | Reached skill level 5 in Spellcasting
  5724 | D:6      | Reached skill level 1 in Unarmed Combat
  5802 | D:6      | Found Ackank's Distillery.
  5810 | D:6      | Bought a potion of heal wounds for 50 gold pieces
  5810 | D:6      | Bought a potion of brilliance for 40 gold pieces
  5810 | D:6      | Bought a potion of berserk rage for 50 gold pieces
  5830 | D:6      | Slain by an orc warrior
  5831 | D:6      | Reached XP level 6. HP: -3/25 MP: 4/14
  5944 | D:6      | Reached skill level 6 in Conjurations
  6109 | D:6      | Noticed Eustachio
  6289 | D:6      | Reached XP level 7. HP: 27/28 MP: 2/15
  6545 | D:6      | Identified the +2 robe of the Mantidfly {Harm rN+}
  6556 | D:6      | Slain by Eustachio

Illustrated notes

Levels and vault maps discovered:
D:1:      matt_arrival_grand_opening, layout_rooms, minivault_19,
          serial_bayou_lake_a
D:2:      cheibrodos_old_hovel, layout_rooms,
          shapermc_ecumenical_altar_mp_vishouse, kennysheep_crisscross
D:3:      layout_rooms
D:4:      layout_basic, kennysheep_mini_moat,
          minmay_temple_entry_drinking_statues, lightli_corner_chamber
D:5:      layout_loops_corners, gammafunk_temple_overflow_pools,
          minmay_misc_feat_enclosed, dreamdust_mushroom_princess
D:6:      layout_gridville, serial_shops, shop, uniq_eustachio
Temple:   bh_familiar_temple

Skill      XL: |  1  2  3  4  5  6  7 |
---------------+----------------------+-----
Conjurations   | 4 5 6 |  6.3
Stealth        | 3 4 |  4.6
Dodging        | 3 4 |  4.4
Spellcasting   | 4 5 |  5.2
Hexes          | 1 |  1.1
Unarmed Combat | 1 |  1.3
Fighting       | |  0.8
Translocations | |  0.2

Action                     |  1- 3 |  4- 6 |  7- 9 || total
---------------------------+-------+-------+-------++-------
  Melee: Unarmed           |     5 |     5 |     1 ||    11
         Bite              |       |     1 |       ||     1
         Punch             |       |     1 |       ||     1
   Cast: Magic Dart        |    89 |    27 |     5 ||   121
         Searing Ray       |     9 |    26 |     7 ||    42
         Dazzling Flash    |       |     1 |       ||     1
         Volatile Blastmot |       |     2 |       ||     2
         Flame Wave        |       |     1 |     2 ||     3
    Use: Scroll            |    12 |     3 |       ||    15
         Potion            |       |     2 |       ||     2
   Stab: Invisible         |       |     1 |       ||     1
 Armour: Skin              |       |     4 |       ||     4
  Dodge: Dodged            |    15 |    48 |     9 ||    72
